 Dungeon Crawl Stone Soup version 0.23-a0-81-g012e35b (webtiles) character file.

2591 HallandMoats the Skirmisher (level 9, -3/73 HPs)
             Began as a Demonspawn Fighter on Aug 12, 2018.
             Was an Initiate of Qazlal.
             Slain by a very large slime creature (24 damage)
             ... on level 8 of the Dungeon.
             The game lasted 00:09:49 (7179 turns).

HallandMoats the Skirmisher (Demonspawn Fighter)    Turns: 7179, Time: 00:09:50

Health: -3/73      AC: 10    Str: 19    XL:     9   Next: 33%
Magic:  0/11       EV: 25    Int:  9    God:    Qazlal [......]
Gold:   370        SH:  9    Dex: 18    Spells: 8/8 levels left

rFire    . . .     SeeInvis .   a - +0 war axe
rCold    . . .     Gourm    .   c - +0 shield
rNeg     + + .     Faith    .   u - +0 scale mail {rN+}
rPois    +         Spirit   +   E - +0 helmet
rElec    .         Reflect  .   w - +1 cloak {rPois}
rCorr    .         Harm     .   (no gloves)
MR       .....                  (boots unavailable)
Stlth    ..........             B - amulet of the acrobat
HPRegen  0.22/turn              n - ring of positive energy
MPRegen  0.24/turn              j - +4 ring of dexterity

@: no status effects
A: talons 3, demonic guardian 2, magic shield, magic regeneration
a: Renounce Religion


You were on level 8 of the Dungeon.
You worshipped Qazlal.
Qazlal was noncommittal.
You were not hungry.

You visited 2 branches of the dungeon, and saw 9 of its levels.

You collected 370 gold pieces.

Inventory:

Hand Weapons
 a - a +0 war axe (weapon)
Armour
 c - a +0 shield (worn)
 u - a +0 scale mail of positive energy (worn)
 w - a +1 cloak of poison resistance (worn)
 E - a +0 helmet (worn)
Jewellery
 j - a +4 ring of dexterity (right hand)
 n - a ring of positive energy (left hand)
 s - an uncursed ring of resist corrosion {unknown}
 B - an amulet of the acrobat (around neck)
 I - a +3 ring of slaying {unknown}
Wands
 y - a wand of flame (40)
Scrolls
 b - 2 scrolls of noise {unknown}
 g - a scroll of magic mapping {unknown}
 k - 4 scrolls of remove curse {unknown}
 l - 6 scrolls of teleportation {unknown}
 p - a scroll of fear {unknown}
 q - 4 scrolls of fog {unknown}
 r - 4 scrolls of enchant weapon {unknown}
 z - a scroll of amnesia {unknown}
 A - a scroll of immolation {unknown}
 C - 2 scrolls of blinking {unknown}
 D - 4 scrolls of identify {@r1}
 H - a scroll of enchant armour {unknown}
Potions
 d - 2 potions of might {@q4}
 e - a potion of magic {unknown}
 h - 4 potions of curing {@q1}
 i - a potion of berserk rage
 m - a potion of agility {@q5}
 t - 2 potions of resistance {@q6}
 v - 2 potions of brilliance
 x - 2 potions of flight
 F - 2 potions of heal wounds {unknown}
 G - 3 potions of lignification {unknown}
Comestibles
 f - 16 rations {@e1}
 o - 12 chunks of flesh


   Skills:
 * Level 7.7 Fighting
 * Level 6.7 Axes
 + Level 5.2 Armour
 + Level 4.3 Dodging
 - Level 2.6 Shields
 * Level 3.9 Invocations


You had 8 spell levels left.
You didn't know any spells.
Your spell library was empty.

Dungeon Overview and Level Annotations

Branches:
Dungeon (8/15)             Temple (1/1) D:7
   Lair: D:8-11

Altars:
Ashenzari
Dithmenos
Elyvilon
Fedhas
Hepliaklqana
Kikubaaqudgha
Makhleb
Nemelex Xobeh
Okawaru
Qazlal
Ru
Sif Muna
Trog
Uskayaw
Vehumet
Wu Jian
Xom
Yredelemnul
Zin
The Shining One

Shops:
D:4 [   D:8 *


Innate Abilities, Weirdness & Mutations

You have claws for feet.
A demonic guardian rushes to your aid.
When hurt, damage is shared between your health and your magic reserves.
You regenerate magic rapidly.


Message History

Your soul eater drains the large slime creature!
You block the very large slime creature's attack.
The slime creature hits your soul eater but does no damage.
What are your orders? t - Shout!
Orders for allies: a - Attack new target. p - Attack previous target. r - Retreat! s - Stop attacking. g - Guard the area. f - Follow me.
Anything else - Cancel.
Gang up on whom?
Press: ? - help, Dir - move target cursor, f - large slime creature, p - very large slime creature
Aim: a large slime creature (lightly wounded, lightly drained) Attack!
The very large slime creature hits you!!!
Ouch! That really hurt!
* * * LOW HITPOINT WARNING * * *
You hear a loud, deep croak!
Your soul eater hits the very large slime creature!
The very large slime creature hits you!!
You die...

#####'#######....................
.................#######+#.......
.................# ......#.......
.................# .....#######.
.................# ........ #.
##############...# ....... #.
#...####....# . #.
#......#....##.. #.
#..@...#....'... #. #..JJ.J#....#
#. #....3.'....# #. #......#....#
## #......#....# #......#....#
.'......#...... ..#......#.......
.(.#......#....##+#


You could see a very large slime creature, a large slime creature, a slime
creature and a friendly soul eater.

Vanquished Creatures
  A hippogriff (D:7)
  A steam dragon (D:7)
  A phantom (D:8)
  A black bear (D:6)
  2 ogres
  A centaur (D:7)
  3 bullfrogs
  A big kobold (D:7)
  A wyvern skeleton (D:7)
  A howler monkey (D:6)
  A crimson imp (D:5)
  A quasit (D:8)
  2 bullfrog zombies
  A hound (D:8)
  6 orc wizards
  5 orc priests
  3 bullfrog skeletons
  An iguana (D:5)
  Crazy Yiuf (D:3)
  Terence (D:2)
  3 worker ants
  2 hound skeletons
  A mummy (D:6)
  8 adders
  A shadow imp (D:6)
  5 oozes
  5 worms
  5 dart slugs
  3 leopard geckos (D:1)
  27 orcs
  2 bats
  18 giant cockroaches
  A hobgoblin (D:3)
  13 jackals
  14 kobolds
  A quokka (D:4)
  A ball python (D:3)
  3 frilled lizards (D:1)
  2 goblins (D:2)
  A hobgoblin zombie (D:6)
  2 kobold zombies (D:6)
  An orc zombie (D:6)
  A quokka skeleton (D:4)
  A quokka zombie (D:6)
  10 rats
166 creatures vanquished.

Vanquished Creatures (collateral kills)
  A hippogriff (D:7)
  A sky beast (D:7)
  2 centaurs (D:5)
  An ogre (D:3)
  A bullfrog (D:7)
  A scorpion (D:5)
  An orc priest (D:2)
  3 orc wizards (D:5)
  2 worker ants (D:5)
  A shadow imp (D:5)
  An adder zombie (D:3)
  2 orcs
17 creatures vanquished.

Grand Total: 183 creatures vanquished

Notes
Turn   | Place    | Note
-------+----------+-------------------------------------------
     0 | D:1      | HallandMoats the Demonspawn Fighter began the quest for the Orb.
     0 | D:1      | Reached XP level 1. HP: 18/18 MP: 1/1
     6 | D:1      | Noticed a polar bear
     6 | D:1      | Noticed a swamp worm
     6 | D:1      | Noticed a swamp drake
     7 | D:1      | Noticed a redback
     7 | D:1      | Noticed a salamander
   132 | D:1      | Gained mutation: When hurt, damage is shared between your health and your magic reserves. [demonic ancestry]
   132 | D:1      | Reached XP level 2. HP: 19/24 MP: 2/2
   838 | D:2      | Gained mutation: A weak demonic guardian rushes to your aid. [demonic ancestry]
   838 | D:2      | Reached XP level 3. HP: 21/29 MP: 1/3
   929 | D:2      | Reached skill level 1 in Dodging
   929 | D:2      | Gained mutation: A demonic guardian rushes to your aid. [demonic ancestry]
   929 | D:2      | Reached XP level 4. HP: 27/37 MP: 2/4
  1034 | D:2      | Noticed Terence
  1055 | D:2      | Killed Terence
  1055 | D:2      | Reached skill level 4 in Fighting
  1360 | D:2      | Gained mutation: You regenerate magic rapidly. [demonic ancestry]
  1360 | D:2      | Reached XP level 5. HP: 40/42 MP: 5/5
  1409 | D:2      | Found an iron altar of Okawaru.
  1696 | D:3      | Found a blossoming altar of Fedhas.
  1902 | D:3      | Noticed an ogre
  1905 | D:3      | Killed an ogre
  2161 | D:3      | Found a hide-covered altar of Uskayaw.
  2166 | D:3      | Found an ornate altar of the Wu Jian Council.
  2168 | D:3      | Found a shimmering altar of Xom.
  2294 | D:3      | Found a runed door.
  2572 | D:3      | Noticed Crazy Yiuf
  2580 | D:3      | Killed Crazy Yiuf
  2580 | D:3      | Reached XP level 6. HP: 24/49 MP: 0/6
  2824 | D:4      | You fall through a shaft!
  2824 | D:5      | Entered Level 5 of the Dungeon
  3103 | D:5      | Reached skill level 5 in Fighting
  3166 | D:5      | Gained mutation: You have sharp toenails. [demonic ancestry]
  3166 | D:5      | Reached XP level 7. HP: 27/56 MP: 5/7
  3794 | D:5      | Found a burning altar of Makhleb.
  3875 | D:5      | Found a glowing silver altar of Zin.
  4183 | D:4      | Reached skill level 5 in Axes
  4346 | D:4      | Reached skill level 6 in Fighting
  4768 | D:4      | Found Gugeal's Armour Shoppe.
  4955 | D:6      | Gained mutation: You have razor-sharp toenails. [demonic ancestry]
  4955 | D:6      | Reached XP level 8. HP: 59/64 MP: 8/8
  5421 | D:6      | Found a white marble altar of Elyvilon.
  5758 | D:6      | Found a shattered altar of Ashenzari.
  5803 | D:7      | Found a staircase to the Ecumenical Temple.
  5809 | D:7      | Noticed a hippogriff
  5818 | D:7      | Killed a hippogriff
  5818 | D:7      | Reached skill level 7 in Fighting
  5912 | Temple   | Entered the Ecumenical Temple
  5964 | Temple   | Became a worshipper of Qazlal Stormbringer
  6040 | D:7      | Found an ancient bone altar of Kikubaaqudgha.
  6050 | D:7      | Reached skill level 1 in Invocations
  6368 | D:7      | Reached skill level 5 in Armour
  6368 | D:7      | Gained mutation: You have claws for feet. [demonic ancestry]
  6368 | D:7      | Reached XP level 9. HP: 47/72 MP: 6/10
  6601 | D:7      | Found a sparkling altar of Nemelex Xobeh.
  6977 | D:8      | Found Iredwaod's General Store.
  7179 | D:8      | Slain by a very large slime creature

Vault maps used:
D:1:      onia_arrival_zoo_common
D:2:      minmay_roachtagon, okawaru_trees_1, uniq_terence
D:3:      fedhas_altar_1, minitemple, uniq_crazy_yiuf_cottage
D:4:      serial_shops, shop_fountains, minmay_misc_feat_cross, moated_statue
D:5:      nicolae_overflow_crystal_walls, lemuel_crystal_altar, first_ration,
          minmay_misc_feat_x
D:6:      kennysheep_mini_moat, marbit_many_paths, minmay_mini_ossuary
D:7:      kiku_gazebo_pond_becter, nemelex_xobeh_ov_fountains_minmay,
          minmay_temple_entry_grid, minivault_26
D:8:      lemuel_round_altar, lemuel_coloured_pillars_altar, special_room,
          serial_shops, shop, nicolae_shop_behind_doors, uniq_erica
Temple:   jpeg_temple_island

Skill      XL: |  1  2  3  4  5  6  7  8  9 |
---------------+----------------------------+-----
Axes           | 2 3 4 5 6 |  6.7
Armour         | 3 4 5 |  5.2
Dodging        | 1 2 3 4 |  4.3
Fighting       | 4 5 6 7 |  7.7
Invocations    | 2 3 |  3.9
Shields        | |  2.6

Action                   |  1- 3 |  4- 6 |  7- 9 || total
-------------------------+-------+-------+-------++-------
Melee: War axe           |    77 |   172 |   285 ||   534
       Kick              |       |       |    20 ||    20
  Use: Scroll            |       |       |     7 ||     7
  Eat: Chunk             |       |     8 |    13 ||    21
Armor: Scale mail        |    43 |   116 |   144 ||   303
Dodge: Dodged            |    24 |    86 |   142 ||   252
Block: Shield            |    34 |   132 |   169 ||   335

Table legend:
 A = Non-vault XP
 B = Vault XP
 C = Vault XP percentage of total XP
 D = Non-vault monster count
 E = Vault monster count
 F = Vault count percentage of total count
 G = Total turns spent on level
                 A         B        C        D         E       F
            +---------+---------+-------+---------+---------+-------
      Total |    3573 |     129 |   3.5 |     165 |      18 |   9.8
            +---------+---------+-------+---------+---------+-------
        D:1 |      36 |       0 |   0.0 |      18 |       0 |   0.0
        D:2 |     133 |      56 |  29.6 |      22 |      11 |  33.3
        D:3 |     125 |      37 |  22.8 |      30 |       1 |   3.2
        D:4 |     295 |       0 |   0.0 |      17 |       0 |   0.0
        D:5 |     708 |       0 |   0.0 |      30 |       0 |   0.0
        D:6 |     613 |      36 |   5.5 |      22 |       6 |  21.4
        D:7 |    1308 |       0 |   0.0 |      16 |       0 |   0.0
        D:8 |     342 |       0 |   0.0 |       9 |       0 |   0.0
     Temple |      13 |       0 |   0.0 |       1 |       0 |   0.0
            +---------+---------+-------+---------+---------+-------
